 Dungeon Crawl Stone Soup version 0.30-a0-1053-gbd8d5ba0ad (webtiles) character file.

Game seed: 17300638857688602030

404 BlueFish the Sneak (level 6, 0/42 HPs)
             Began as an Octopode Warper on Apr 11, 2023.
             Slain by a gnoll
             ... wielding a +0 flail
              (11 damage)
             ... on level 3 of the Dungeon.
             The game lasted 00:08:41 (3465 turns).

BlueFish the Sneak (Octopode Warper)                Turns: 3465, Time: 00:08:41

Health: 0/42       AC:  1    Str: 12    XL:     6   Next: 86%
Magic:  5/10       EV: 13    Int: 16    God:
Gold:   138        SH:  0    Dex: 11    Spells: 3/10 levels left

rFire   . . .      SeeInvis .      - Unarmed
rCold   . . .      Faith    .    (no shield)
rNeg    . . .      Spirit   .    (helmet restricted)
rPois   .          Reflect  .    (no amulet)
rElec   .          Rampage  .    (no ring)
rCorr   .                        (no ring)
Will    .....                    (no ring)
Stlth   ++++                     (no ring)
HPRegen 0.27/turn                (no ring)
MPRegen 0.12/turn                (no ring)
                                 (no ring)
                                 (no ring)

@: no status effects
A: almost no armour, amphibious, 8 rings, camouflage 1, gelatinous body 1,
(nimble swimmer 1), tentacles
a: no special abilities


You were on level 3 of the Dungeon.
You visited 1 branch of the dungeon, and saw 4 of its levels.
You also visited: Ossuary.

You collected 138 gold pieces.

Inventory:

Missiles
 b - 7 boomerangs of dispersal
 h - 31 stones (quivered)
 i - 4 boomerangs
 u - 6 poisoned darts
Jewellery
 l - a ring of protection from fire
Scrolls
 c - a scroll of acquirement {unknown}
 d - a scroll of fog {unknown}
 e - a scroll of enchant weapon
 j - a scroll of poison {unknown}
 k - 2 scrolls of magic mapping
 m - a scroll of teleportation {unknown}
 s - a scroll of fear {unknown}
 v - a scroll of vulnerability {unknown}
 w - a scroll of enchant armour {unknown}
Potions
 a - 3 potions of berserk rage
 f - a potion of lignification {unknown}
 g - a potion of invisibility
 n - a potion of resistance
 o - 5 potions of curing
 p - a potion of magic
 q - a potion of heal wounds {unknown}
 r - a potion of haste {unknown}
 t - a potion of might
 x - a potion of flight {unknown}


   Skills:
 + Level 3.0 Fighting
 + Level 2.4 Throwing
 + Level 3.3 Dodging
 * Level 4.8 Stealth
 + Level 3.0 Unarmed Combat
 + Level 2.8 Spellcasting
 + Level 3.8 Translocations


You had 3 spell levels left.
You knew the following spells:

 Your Spells              Type           Power      Damage    Failure   Level
a - Blink                 Tloc           28%        N/A       6%          2
b - Lesser Beckoning      Tloc           28%        N/A       6%          2
c - Teleport Other        Tloc           14%        N/A       12%         3

Your spell library contained the following spells:

 Spells                   Type           Power      Damage    Failure   Level
 Magic Dart               Conj           8%         1d3       19%         1
 Vhi's Electric Charge    Tloc/Air       16%        N/A       26%         3
 Call Imp                 Summ           4%         N/A       28%         2
 Mephitic Cloud           Conj/Pois/Air  2%         N/A       50%         3
 Manifold Assault         Tloc           14%        N/A       36%         4


Dungeon Overview and Level Annotations

Branches:
Dungeon (4/15)            Ossuary (visited)
 Temple: D:4-7

Altars:
Sif Muna

Shops:
D:4 (

Annotations:
D:4 3 runed translucent doors, GigaChad's ghost, amateur FoFi


Innate Abilities, Weirdness & Mutations

You cannot wear most types of armour.
You are amphibious.
You can wear up to eight rings at the same time.
Your skin changes colour to match your surroundings (Stealth+).
Your rubbery body absorbs attacks. (AC +1, EV +1)
((You are camouflaged when in or above water. (Stealth+)))
You have tentacles for arms and can constrict up to eight enemies at once.


Message History

You tentacle-slap the gnoll. Your grab misses the gnoll.
Your squeeze misses the gnoll.
The gnoll is lightly wounded.
The gnoll hits you with a +0 halberd!
You tentacle-slap the gnoll but do no damage.
Your grab misses the gnoll. You squeeze the gnoll!
The gnoll is almost dead.
The gnoll barely misses you. The gnoll closely misses you.
You tentacle-slap the gnoll.
You kill the gnoll!
The gnoll closely misses you.
Casting: Lesser Beckoning (safe; 6% risk of failure)
Confirm with . or Enter, or press ? or * to list all spells.
Aiming: Lesser Beckoning (safe; 6% risk of failure)
Press: ? - help, Shift-Dir - straight line, f - gnoll
Aim: a gnoll, wielding a +0 spear (100% to hit)
The gnoll hurls suddenly forward!
The gnoll barely misses you.
You tentacle-slap the gnoll. You grab the gnoll. You squeeze the gnoll!
The gnoll is almost dead.
You constrict the gnoll, but do no damage.
The gnoll hits you with a +0 spear.
You tentacle-slap the gnoll.
You kill the gnoll!
Casting: Lesser Beckoning (safe; 6% risk of failure)
Confirm with . or Enter, or press ? or * to list all spells.
Aiming: Lesser Beckoning (safe; 6% risk of failure)
Press: ? - help, Shift-Dir - straight line, f - gnoll
Aim: a gnoll, wielding a +0 flail (100% to hit)
The gnoll hurls suddenly forward!
The gnoll closely misses you.
You barely miss the gnoll. Your grab misses the gnoll.
The gnoll hits you with a +0 flail.
You barely miss the gnoll. You grab the gnoll. You squeeze the gnoll.
The gnoll is moderately wounded.
You constrict the gnoll. The gnoll hits you with a +0 flail!
* * * LOW HITPOINT WARNING * * *
You tentacle-slap the gnoll.
The gnoll is heavily wounded.
You constrict the gnoll, but do no damage.
The gnoll hits you with a +0 flail!
You die...

*,**,,,.......#.#*####.###
*,**,,,.......#.######.###
*,**,*,,,..#....>.........
*,**,,,,,......###########
*,,,,*,#,####..###### #
****,#.#.####..##...## # ******
*,#...............#####
*,,,,**###.######.#.............
**,**,,,#......g@...........#####
*,,,***,..#.######.....#...######
*,,*,,****,*<****#.♣.♣.###.......
,,,*,,,,*,***,,,..#♣.♣####..#####
,,,,,,,,**,*,**###,♣.♣......#
*,,,,*,,,,,,** *,♣.♣####.##
,,*,,,************,*,* #r#
***,,,* *,,,,,,,,,*,* #.# ,**,,,*
*,********,,* #.#


You could see a gnoll.

Vanquished Creatures
  Menkaure (Ossuary)
  A sleepcap (D:4)
  An orc wizard (D:4)
  3 mummies (Ossuary)
  5 gnolls
  4 adders
  8 orcs
  5 ball pythons
  5 endoplasms
  3 giant cockroaches
  5 gnoll zombies (Ossuary)
  5 goblins
  4 hobgoblins
  4 bats
  4 frilled lizards
  5 gnoll skeletons (Ossuary)
  4 goblin skeletons (Ossuary)
  4 goblin zombies (Ossuary)
  3 hobgoblin skeletons (Ossuary)
  6 hobgoblin zombies (Ossuary)
  8 kobolds
  3 kobold skeletons (Ossuary)
  4 kobold zombies (Ossuary)
  5 orc skeletons (Ossuary)
  An orc zombie (Ossuary)
  8 rats
  5 rat skeletons (Ossuary)
  5 rat zombies (Ossuary)
119 creatures vanquished.

Vanquished Creatures (others)
  6 plants (D:3)
6 creatures vanquished.

Grand Total: 125 creatures vanquished

Notes
Turn   | Place    | Note
-------+----------+-------------------------------------------
     0 | D:1      | BlueFish the Octopode Warper began the quest for the Orb.
     0 | D:1      | Reached XP level 1. HP: 14/14 MP: 3/3
   218 | D:1      | Reached skill level 1 in Stealth
   223 | D:1      | Reached XP level 2. HP: 19/19 MP: 5/5
   226 | D:1      | Learned a level 2 spell: Blink
   229 | D:1      | Learned a level 2 spell: Lesser Beckoning
   893 | D:2      | Reached skill level 2 in Stealth
   893 | D:2      | Reached XP level 3. HP: 13/24 MP: 6/6
   953 | D:2      | Found a shimmering blue altar of Sif Muna.
  1059 | D:2      | You fall into a shaft and drop 2 floors!
  1098 | D:4      | Reached XP level 4. HP: 19/29 MP: 7/7
  1102 | D:4      | Learned a level 3 spell: Teleport Other
  1141 | D:4      | Reached skill level 3 in Stealth
  1189 | D:4      | Noticed a scorpion
  1258 | D:3      | Reached XP level 5. HP: 8/35 MP: 8/8
  1318 | D:4      | Noticed an ogre
  1500 | D:4      | Found a runed translucent gate.
  1500 | D:4      | Found a runed translucent gate.
  1501 | D:4      | Found a runed translucent gate.
  1501 | D:4      | Noticed GigaChad's ghost (amateur FoFi)
  1518 | D:4      | Found Ynwur's Antique Weapon Shop.
  1579 | D:4      | Found a sand-covered staircase.
  1585 | Ossuary  | Entered an ossuary
  1934 | Ossuary  | Noticed Menkaure
  2032 | Ossuary  | Killed Menkaure
  2033 | Ossuary  | Reached skill level 4 in Stealth
  2033 | Ossuary  | Reached XP level 6. HP: 23/41 MP: 6/10
  3465 | D:3      | Slain by a gnoll

Illustrated notes

Levels and vault maps discovered:
D:1:      psy_arrival_wood_between_worlds, layout_loops_ring, chequers_garden
D:2:      layout_basic, basic_altar, minmay_increasing_density
D:3:      layout_loops_ring, serial_forest, infiniplex_forest_3_way,
          infiniplex_forest_3_way, infiniplex_forest_straight_2,
          infiniplex_forest_3_way, infiniplex_forest_lined_corner,
          infiniplex_forest_zigzag_2, infiniplex_forest_corner_2,
          infiniplex_forest_end_2, infiniplex_forest_lined_room_,
          infiniplex_forest_straight_2, dk_vineyard_2, serial_bayou_pond_e
D:4:      layout_loops_corners, minmay_temple_entry_fiery, serial_shops,
          nicolae_shop_statue_plus, nicolae_ossuary_entry_plus,
          ebering_ghost_rock_garden, chequers_serial_rivers_room_b

Skill      XL: |  1  2  3  4  5  6 |
---------------+-------------------+-----
Stealth        | 1 2 3 4 |  4.8
Throwing       | 2 |  2.4
Dodging        | 3 |  3.3
Fighting       | 3 |  3.0
Unarmed Combat | 3 |  3.0
Spellcasting   | |  2.8
Translocations | |  3.8

Action                     |  1- 3 |  4- 6 || total
---------------------------+-------+-------++-------
  Melee: Unarmed           |    53 |   232 ||   285
         Tentacles         |    12 |    58 ||    70
         Constrict         |    12 |    77 ||    89
         Punch             |       |     7 ||     7
  Throw: Stone             |     3 |       ||     3
   Cast: Teleport Other    |       |     2 ||     2
         Lesser Beckoning  |       |     4 ||     4
         Blink             |       |     1 ||     1
    Use: Potion            |       |     2 ||     2
         Scroll            |       |     8 ||     8
   Stab: Sleeping          |     3 |    10 ||    13
         Distracted        |       |     3 ||     3
 Armour: Skin              |     1 |    19 ||    20
  Dodge: Dodged            |    33 |   109 ||   142

Table legend: (Time is in decaauts)
 A = Elapsed time spent in this place.
 B = Non-inter-level travel time spent in this place.
 C = Inter-level travel time spent in this place.
 D = Time resting spent in this place.
 E = Time spent auto-exploring this place.
 F = Levels seen in this place.
 G = Mean time per level.
                   A        B        C        D        E       F      G
               +--------+--------+--------+--------+--------+-----+--------+
         Total |   3452 |   3225 |    227 |    116 |   1822 |   5 |  690.4 |
       Dungeon |   2633 |   2406 |    227 |    107 |   1449 |   4 |  658.2 |
       Ossuary |    819 |    819 |      0 |      9 |    373 |   1 |  819.0 |
               +--------+--------+--------+--------+--------+-----+--------+

Top non-repeatable levels by time:
     D:2: 887 daAuts
     D:1: 847 daAuts
 Ossuary: 819 daAuts
     D:3: 485 daAuts
     D:4: 413 daAuts
